 Dungeon Crawl Stone Soup version 0.25.1-2-g60ff931df9 (webtiles) character file.

Game seed: 15875068547405046323

6547 DogServant the Quickloader (level 11, -10/62 HPs)
             Began as a Kobold Arcane Marksman on Oct 16, 2020.
             Was an Elder of Okawaru.
             Mangled by a large slime creature (33 damage)
             ... on level 10 of the Dungeon.
             The game lasted 00:33:58 (15152 turns).

DogServant the Quickloader (KoAM)                  Turns: 15152, Time: 00:33:58

Health: -10/62     AC:  8    Str: 10    XL:     11   Next: 20%
Magic:  3/17       EV: 19    Int: 15    God:    Okawaru [****..]
Gold:   531        SH:  0    Dex: 22    Spells: 10/19 levels left

rFire    . . .     SeeInvis .   a - +2 hand crossbow
rCold    . . .     Gourm    .   (shield restricted)
rNeg     . . .     Faith    .   m - +0 troll leather armour
rPois    .         Spirit   .   I - +1 hat
rElec    .         Reflect  .   l - +1 cloak
rCorr    .         Harm     .   r - +0 pair of gloves (curse)
MR       +....                  (no boots)
Stlth    ++........             (no amulet)
HPRegen  0.60/turn              h - +6 ring of dexterity
MPRegen  0.15/turn              s - ring of protection from magic

@: no status effects
A: small, carnivore
a: Heroism, Renounce Religion


You were on level 10 of the Dungeon.
You worshipped Okawaru.
Okawaru was greatly pleased with you.
You were very full.

You visited 1 branch of the dungeon, and saw 10 of its levels.

You collected 531 gold pieces.

Inventory:

Hand Weapons
 a - a +2 hand crossbow (weapon)
 q - the +6 dagger of Dishonour {flame, rElec MR+}
   (You found it on level 8 of the Dungeon)

   It has been specially enchanted to burn those struck by it, causing extra
   injury to most foes and up to half again as much damage against particularly
   susceptible opponents.
   It insulates you from electricity.
   It affects your resistance to hostile enchantments.
 v - a +5 shortbow
Missiles
 d - 75 bolts (quivered)
 j - 44 poisoned darts
 z - 218 arrows
Armour
 e - a +0 robe
 l - a +1 cloak (worn)
 m - a +0 troll leather armour (worn)
 r - a cursed +0 pair of gloves (worn)
 G - a +2 robe of cold resistance
 I - a +1 hat (worn)
Jewellery
 g - an uncursed ring of flight
 h - a +6 ring of dexterity (left hand)
 s - a ring of protection from magic (right hand)
 L - an uncursed ring of wizardry
Wands
 i - a wand of random effects (27)
 x - a wand of flame (39)
 y - a wand of paralysis (9)
 F - a wand of iceblast (10)
 H - a wand of digging (1)
 J - a wand of acid (6)
Scrolls
 b - a scroll of enchant armour {unknown}
 k - 2 scrolls of amnesia
 n - 3 scrolls of remove curse
 o - 2 scrolls of magic mapping
 p - 4 scrolls of identify
Potions
 c - a potion of curing
 t - a potion of cancellation {unknown}
 u - 2 potions of resistance
 w - 7 potions of brilliance
 A - 3 potions of ambrosia {unknown}
 B - 2 potions of might {unknown}
 C - a potion of magic {unknown}
 D - 3 potions of lignification {unknown}
 K - 2 potions of heal wounds
Comestibles
 f - 18 rations


   Skills:
 - Level 4.6 Fighting
 - Level 4.1 Short Blades
 - Level 4.7 Bows
 + Level 8.9 Crossbows
 - Level 5.8 Dodging
 - Level 4.5 Spellcasting
 - Level 7.1 Hexes
 - Level 7.0 Translocations
 + Level 1.4 Ice Magic
 - Level 5.4 Invocations


You had 10 spell levels left.
You knew the following spells:

 Your Spells              Type           Power        Failure   Level  Hunger
a - Corona                Hex            ###....      1%          1    None
b - Portal Projectile     Hex/Tloc       ###...       3%          3    ###....
c - Slow                  Hex            ###.....     1%          2    ##.....
d - Frozen Ramparts       Ice            #.....       36%         3    ###....

Your spell library contained the following spells:

 Spells                   Type           Power        Failure   Level  Hunger
 Confusing Touch          Hex            ###.....     3%          3    ###....
 Gell's Gravitas          Tloc           ###.......   3%          3    ###....
 Cause Fear               Hex            ###.......   12%         4    ####...
 Freeze                   Ice            #...         13%         1    None
 Inner Flame              Hex/Fire       ##......     16%         3    ###....
 Animate Skeleton         Necr           N/A          24%         1    None
 Beastly Appendage        Tmut           #.....       24%         1    None
 Pain                     Necr           #...         24%         1    None
 Sticks to Snakes         Tmut           #.......     34%         2    ##.....
 Ozocubu's Armour         Chrm/Ice       #.......     45%         3    ###....
 Leda's Liquefaction      Hex/Erth       ##........   47%         4    ####...
 Spider Form              Tmut/Pois      #.........   56%         3    ###....
 Vampiric Draining        Necr           #.........   56%         3    ###....
 Metabolic Englaciation   Hex/Ice        ###.......   73%         5    ######.
 Yara's Violent Unravell  Hex/Tmut       ##........   83%         5    ######.
 Hailstorm                Conj/Ice       #.......     86%         4    ####...
 Ice Form                 Ice/Tmut       #.......     86%         4    ####...
 Summon Ice Beast         Ice/Summ       #.......     86%         4    ####...
 Animate Dead             Necr           N/A          93%         4    ####...
 Petrify                  Tmut/Erth      #.......     93%         4    ####...
 Agony                    Necr           #.......     100%        5    ######.
 Blade Hands              Tmut           #.........   100%        5    ######.


Dungeon Overview and Level Annotations

Branches:
Dungeon (10/15)            Temple (0/1) D:4            Lair (0/6) D:8
    Orc: D:9-12

Altars:
Cheibriados
Dithmenos
Elyvilon
Fedhas
Hepliaklqana
Okawaru
Qazlal
Ru
Sif Muna
Uskayaw
Vehumet
Wu Jian
Yredelemnul
Zin
The Shining One

Annotations:
D:3 Sigmund


Innate Abilities, Weirdness & Mutations

You are small and have problems with some larger weapons.
You are carnivorous and can eat meat at any time.


Message History

The slime creature closely misses you.
Firing (i - inventory. (/) - cycle)
d - 77 bolts (quivered)
Press: ? - help, Shift-Dir - straight line, f/p - slime creature
Aim: a slime creature (almost dead)
You shoot a bolt.
The bolt barely misses the slime creature.
The slime creature closely misses you.
The slime creature completely misses you.
The slime creature hits you!
* * * LOW HITPOINT WARNING * * *
Two slime creatures merge to form a large slime creature.
You feel much better.
Firing (i - inventory. (/) - cycle)
d - 76 bolts (quivered)
Press: ? - help, Shift-Dir - straight line, f/p - large slime creature
Aim: a large slime creature (moderately wounded)
You shoot a bolt. The bolt hits the large slime creature!
The large slime creature is heavily wounded.
The large slime creature hits you!!
Ouch! That really hurt!
You die...

#......(........##
#.......(((.......
###..............#
#........?...#.#
#...............
##########............#..
#.......##............###
#.......##..........<..##
#.......@J..####.....#.##
#.......##### #........##
#........# #..........
#........### #..........
#....<.....#####........>
##########...............
########.รท......
#........ #........


You could see a large slime creature.

Vanquished Creatures
  2 two-headed ogres (D:9)
  A gargoyle (D:10)
  A troll (D:9)
  A slime creature (D:10)
  A hippogriff (D:7)
  A hungry ghost (D:7)
  A black bear (D:6)
  2 orc warriors
  2 ice beasts
  2 sky beasts
  2 phantoms
  6 ogres
  6 centaurs
  3 crocodiles (D:8)
  A big kobold (D:7)
  3 bullfrogs
  2 scorpions
  10 killer bees
  4 wights (D:9)
  3 howler monkeys
  2 crimson imps
  A bullfrog zombie (D:9)
  6 hounds
  A quasit (D:5)
  4 orc priests
  6 orc wizards
  2 bullfrog skeletons
  8 worker ants
  An iguana (D:4)
  A hound zombie (D:8)
  3 hound skeletons
  A mummy (D:6)
  A worker ant zombie (D:7)
  5 adders
  4 gnolls
  6 shadow imps
  2 oozes (D:1)
  An adder skeleton (D:5)
  A worm (D:4)
  2 leopard geckos
  26 orcs
  A giant cockroach (D:3)
  8 goblins
  7 hobgoblins
  7 jackals
  A quokka (D:4)
  2 bats (D:1)
  5 frilled lizards
  2 hobgoblin zombies (D:6)
  11 kobolds
  A kobold zombie (D:6)
  A leopard gecko skeleton (D:5)
  A leopard gecko zombie (D:8)
  An orc zombie (D:6)
  A quokka skeleton (D:4)
  8 rats
195 creatures vanquished.

Vanquished Creatures (others)
  A fungus (D:8)
  2 plants
3 creatures vanquished.

Grand Total: 198 creatures vanquished

Notes
Turn   | Place    | Note
-------+----------+-------------------------------------------
     0 | D:1      | DogServant the Kobold Arcane Marksman began the quest for
                  | the Orb.
     0 | D:1      | Reached XP level 1. HP: 12/12 MP: 2/2
   111 | D:1      | Reached XP level 2. HP: 16/16 MP: 3/3
   349 | D:1      | Reached skill level 3 in Crossbows
   599 | D:1      | Reached XP level 3. HP: 15/20 MP: 4/4
  1319 | D:2      | Reached XP level 4. HP: 21/25 MP: 5/5
  1459 | D:2      | Found a shadowy altar of Dithmenos.
  1642 | D:2      | Found a radiant altar of Vehumet.
  1652 | D:2      | Reached skill level 4 in Crossbows
  1860 | D:2      | You fall into a shaft and drop 1 floor!
  2001 | D:2      | Found a basalt altar of Yredelemnul.
  2006 | D:2      | Found a glowing golden altar of the Shining One.
  2008 | D:2      | Noticed an angel
  2385 | D:2      | Found a stormy altar of Qazlal.
  2800 | D:3      | Noticed Sigmund
  2829 | D:3      | Reached XP level 5. HP: 21/29 MP: 4/6
  3167 | D:4      | Found a hazy altar of Hepliaklqana.
  3180 | D:4      | Reached skill level 5 in Crossbows
  3180 | D:4      | Reached skill level 5 in Dodging
  3198 | D:4      | Reached XP level 6. HP: 19/34 MP: 4/7
  3215 | D:4      | Learned a level 3 spell: Portal Projectile
  3243 | D:4      | Noticed an ogre
  3267 | D:4      | Reached skill level 1 in Translocations
  3297 | D:4      | Killed an ogre
  3297 | D:4      | Reached XP level 7. HP: 6/38 MP: 2/8
  3775 | D:4      | Reached skill level 6 in Crossbows
  3914 | D:4      | Found an iron altar of Okawaru.
  4018 | D:4      | Became a worshipper of Warmaster Okawaru
  4146 | D:4      | Found a staircase to the Ecumenical Temple.
  4259 | D:5      | Entered Level 5 of the Dungeon
  4259 | D:5      | Found a glowing silver altar of Zin.
  4259 | D:5      | Found a blossoming altar of Fedhas.
  4259 | D:5      | Found a sacrificial altar of Ru.
  4259 | D:5      | Found a hide-covered altar of Uskayaw.
  4292 | D:5      | Found a snail-covered altar of Cheibriados.
  4302 | D:5      | Found an ornate altar of the Wu Jian Council.
  4362 | D:5      | Found a white marble altar of Elyvilon.
  4991 | D:5      | Reached XP level 8. HP: 45/45 MP: 9/9
  5446 | D:6      | Reached * piety under Okawaru
  5623 | D:6      | Reached skill level 5 in Hexes
  7096 | D:6      | Reached skill level 1 in Bows
  7096 | D:6      | Reached skill level 5 in Translocations
  7689 | D:7      | Reached XP level 9. HP: 41/50 MP: 3/10
  7850 | D:7      | Reached ** piety under Okawaru
  7985 | D:7      | Noticed a hippogriff
  8011 | D:7      | Killed a hippogriff
  9162 | D:7      | Found a shimmering blue altar of Sif Muna.
  9367 | D:8      | Noticed a hippogriff
  9831 | D:8      | Reached *** piety under Okawaru
  9845 | D:8      | Reached XP level 10. HP: 22/56 MP: 2/14
 10099 | D:8      | Got a masterwork dagger
 10100 | D:8      | Identified the +6 dagger of Dishonour {flame, rElec MR+}
                  | (You found it on level 8 of the Dungeon)
 10178 | D:8      | Reached skill level 1 in Short Blades
 10178 | D:8      | Reached skill level 1 in Invocations
 10492 | D:8      | Found a staircase to the Lair.
 10773 | D:8      | Noticed an elephant
 10810 | D:7      | Learned a level 2 spell: Slow
 11745 | D:9      | Noticed a two-headed ogre
 11761 | D:9      | Killed a two-headed ogre
 11761 | D:9      | Reached **** piety under Okawaru
 11761 | D:9      | Reached skill level 7 in Crossbows
 12091 | D:9      | Noticed a two-headed ogre
 12951 | D:9      | Received a gift from Okawaru
 13602 | D:9      | Killed a two-headed ogre
 13602 | D:9      | Received a gift from Okawaru
 13602 | D:9      | Reached skill level 8 in Crossbows
 13602 | D:9      | Reached skill level 5 in Invocations
 13602 | D:9      | Reached XP level 11. HP: 61/61 MP: 0/17
 14062 | D:10     | Entered Level 10 of the Dungeon
 14438 | D:10     | Learned a level 3 spell: Frozen Ramparts
 15116 | D:10     | Received a gift from Okawaru
 15116 | D:10     | Reached skill level 1 in Ice Magic
 15147 | D:10     | HP: 1/62 [slime creature (11)]
 15152 | D:10     | Mangled by a large slime creature

Illustrated notes

Levels and vault maps discovered:
D:1:      dpeg_arrival_chambers_temple_mockup, layout_rooms
D:2:      layout_basic, grunt_temple_overflow_holy_war, vehumet_crystals,
          nicolae_dithmenos_through_a_glass_darkly,
          nicolae_qazlal_general_emergency, first_ration, minmay_pentomino_u4
D:3:      layout_loops_ring, minmay_stone_trees_small, uniq_sigmund
D:4:      layout_rooms, lemuel_crystal_altar, minmay_temple_entry_hall,
          okawaru_altar_gauntlet_db
D:5:      layout_layer_cave, marbit_many_paths, grunt_temple_overflow_open
D:6:      layout_layer_cave, minmay_mini_ossuary
D:7:      kennysheep_orc_sif_temple, layout_basic
D:8:      layout_loops_ring, david_lair_generic
D:9:      layout_grid_maze
D:10:     layout_rooms, hangedman_ranch [blue_anna_fruit_fields],
          corexii_leaking_fountain

Skill      XL: |  1  2  3  4  5  6  7  8  9 10 11 |
---------------+----------------------------------+-----
Crossbows      | 3 4 5 6 8 |  8.9
Dodging        | 3 4 5 |  5.8
Translocations | 1 3 5 6 7 |  7.0
Hexes          | 4 6 7 |  7.1
Fighting       | 2 3 4 |  4.6
Bows           | 1 4 |  4.7
Spellcasting   | 2 4 |  4.5
Short Blades   | 4 |  4.1
Invocations    | 5 |  5.4
Ice Magic      | 1 |  1.4

Action                   |  1- 3 |  4- 6 |  7- 9 | 10-12 || total
-------------------------+-------+-------+-------+-------++-------
Melee: Short sword       |    29 |    50 |    75 |       ||   154
       Dagger            |       |       |       |   109 ||   109
 Fire: Hand crossbow     |    35 |    95 |   242 |   235 ||   607
       Shortbow          |       |       |   106 |       ||   106
Throw: Dart              |    14 |    16 |    26 |       ||    56
 Cast: Corona            |       |     1 |     6 |     5 ||    12
       Portal Projectile |       |       |    23 |    26 ||    49
       Slow              |       |       |       |     8 ||     8
Invok: Heroism           |       |       |       |     1 ||     1
  Use: Scroll            |       |    15 |     8 |     6 ||    29
       Potion            |       |     2 |     5 |     2 ||     9
 Stab: Sleeping          |     1 |     1 |       |     1 ||     3
  Eat: Chunk             |    10 |     5 |    22 |    18 ||    55
       Ration            |       |       |     3 |       ||     3
Armor: Robe              |    10 |    12 |    74 |    39 ||   135
       Troll leather arm |       |       |       |     4 ||     4
Dodge: Dodged            |    61 |   128 |   410 |   209 ||   808
